 Dungeon Crawl Stone Soup version 0.32-a0-999-gfa1cc04b1d (webtiles) character file.

Game seed: 8892415100220313881

3395 KennySheep the Scholar of Death (level 9, 0/72 HPs)
             Began as a Mountain Dwarf Reaver on Apr 24, 2024.
             Was a Follower of Kikubaaqudgha.
             Slain by a komodo dragon (24 damage)
             ... on level 10 of the Dungeon.
             The game lasted 00:48:49 (10492 turns).

KennySheep the Scholar of Death (MDRe)             Turns: 10492, Time: 00:48:50

Health: 0/72       AC:  8    Str: 14 (15) XL:     9   Next: 75%
Magic:  9/19       EV: 10    Int: 16 (18) God:    Kikubaaqudgha [*.....]
Gold:   410        SH:  0    Dex:  7 (8)  Spells: 5/21 levels left

rFire   . . .        a - +0 morningstar (pain)
rCold   . . .        (no shield)
rNeg    + . .        k - +0 acid dragon scales
rPois   +            (no helmet)
rElec   .            (no cloak)
rCorr   +            p - +0 pair of gloves
SInv    .            (no boots)
Will    .....        (no amulet)
Stlth   +            m - ring of poison resistance
HPRegen 0.32/turn    x - ring of positive energy
MPRegen 0.16/turn

%: no passive effects
@: very slightly contaminated
A: runic magic, artefact enchanting
a: Renounce Religion, Unearth Wretches


You were on level 10 of the Dungeon.
You worshipped Kikubaaqudgha.
Kikubaaqudgha was aware of your devotion.
You visited 2 branches of the dungeon, and saw 11 of its levels.

You collected 410 gold pieces.

Inventory:

Hand Weapons
 a - a +0 morningstar of pain (weapon)
 h - a +1 hand axe
Missiles
 r - a throwing net
Armour
 c - a +1 scale mail of cold resistance
 k - +0 acid dragon scales (worn)
 p - a +0 pair of gloves (worn)
Jewellery
 e - a ring of ice
 m - a ring of poison resistance (left hand)
 x - a ring of positive energy (right hand)
Scrolls
 b - a scroll of identify
 g - a scroll of fog
 i - a scroll of enchant weapon
 j - a scroll of butterflies
 l - a scroll of vulnerability
 o - a scroll of brand weapon
 q - a scroll of silence
 u - a scroll of immolation
 v - a scroll of amnesia
Potions
 s - 3 potions of curing


   Skills:
 + Level 4.4 Fighting
 - Level 4.7(5.6) Axes
 * Level 4.6(5.5) Maces & Flails
 + Level 5.9 Armour
 - Level 1.6 Dodging
 * Level 6.8 Spellcasting
 - Level 2.6 Conjurations
 * Level 8.6 Necromancy


You had 5 spell levels left.
You knew the following spells:

 Your Spells              Type           Power      Damage    Failure   Level
a - Kiss of Death         Conj/Necr      92%        2d12      1%          1
b - Necrotise             Necr           100%       1d9       1%          1
c - Vampiric Draining     Necr           33%        2d8       1%          3
d - Animate Dead          Necr           33%        N/A       3%          4
e - Cigotuvi's Dreadful   Necr/Alch/Air  28%        N/A       6%          2
f - Curse of Agony        Necr           33%        N/A       11%         5

Your spell library contained the following spells:

 Spells                   Type           Power      Damage    Failure   Level
 Momentum Strike          Conj/Tloc      18%        3d8       12%         2
 Lesser Beckoning         Tloc           10%        N/A       21%         2
 Martyr's Knell           Necr/Summ      19%        N/A       22%         4
 Hailstorm                Conj/Ice       9%         3d6       24%         3
 Maxwell's Portable Pile  Tloc           5%         2d(5-15)  38%         3
 Teleport Other           Tloc           5%         N/A       38%         3
 Animate Armour           Summ/Erth      10%        N/A       80%         4
 Leda's Liquefaction      Alch/Erth      2%         N/A       80%         4
 Petrify                  Alch/Erth      5%         N/A       80%         4
 Lee's Rapid Deconstruct  Erth           2%         3d5*      98%         5
 Metabolic Englaciation   Hex/Ice        2%         N/A       98%         5
 Dispersal                Tloc           2%         N/A       100%        6
 Gell's Gavotte           Tloc           2%         2d(12-18) 100%        6
 Magnavolt                Erth/Air       2%         3d9       100%        7


Dungeon Overview and Level Annotations

Branches:
Dungeon (10/15)            Temple (1/1) D:5
   Lair: D:8-11         Orc: D:9-12

Altars:
Ashenzari
Cheibriados
Dithmenos
Elyvilon
Fedhas
Gozag
Hepliaklqana
Kikubaaqudgha
Makhleb
Okawaru
Qazlal
Ru
Sif Muna
Trog
Uskayaw
Vehumet
Wu Jian
Xom
Yredelemnul
Zin
The Shining One

Annotations:
D:8 1 runed translucent door


Innate Abilities, Weirdness & Mutations

Your spellcasting is much less encumbered by armour.
You can use scrolls of enchantment on lesser artefacts.


Message History

Aiming: Vampiric Draining (safe; 1% risk of failure)
Press: ? - help, Shift-Dir - straight line, f/p - basilisk
Aim: a basilisk (almost dead)
You draw life force from the basilisk!
You kill the basilisk!
Kikubaaqudgha accepts your kill.
You feel life coursing into your body.
You start resting.
HP restored.
You start resting.
Magic restored.
You see here a basilisk corpse.
A komodo dragon comes into view.
The komodo dragon hisses angrily.
You see here a basilisk corpse.
You start waiting.
A komodo dragon is nearby!
Casting: Vampiric Draining (safe; 1% risk of failure)
Confirm with . or Enter, or press ? or * to list all spells.
Aiming: Curse of Agony (dangerous; 11% risk of failure)
Press: ? - help, Shift-Dir - straight line, f - komodo dragon
Aim: a komodo dragon (chance to affect: 68%)
You miscast Curse of Agony.
You are very lightly contaminated with residual magic.
Nothing appears to happen.
The komodo dragon bites you!!
Casting: Curse of Agony (dangerous; 11% risk of failure)
Confirm with . or Enter, or press ? or * to list all spells.
Aiming: Curse of Agony (dangerous; 11% risk of failure)
Press: ? - help, Shift-Dir - straight line, f/p - komodo dragon
Aim: a komodo dragon (chance to affect: 68%)
The komodo dragon is cursed with the promise of agony.
The komodo dragon bites you!!
You puncture the komodo dragon!
The komodo dragon convulses!
The komodo dragon is heavily wounded.
The komodo dragon closely misses you.
You closely miss the komodo dragon.
The komodo dragon is heavily wounded.
The komodo dragon barely misses you. The komodo dragon bites you!!
You die...
Kikubaaqudgha rasps: You have failed me!
Welcome... death!

### ## #.###.# .
####...#######....
#.l.###l..........
#..#####@#######....
.... ### . ...l ###


You could see a komodo dragon (agonized).

Vanquished Creatures
  Maggie (D:8)
  A wyvern (D:8)
  6 yaks (D:8)
  A basilisk (D:10)
  2 water moccasins
  2 black bears
  2 orc warriors
  2 ice beasts (D:7)
  A sky beast (D:7)
  A centaur (D:6)
  2 kobold brigands
  2 bullfrogs (D:8)
  A scorpion (D:6)
  A burial acolyte (D:6)
  3 crimson imps (D:8)
  3 jellies
  A hound (D:5)
  An orc priest (D:7)
  A sleepcap (D:8)
  3 iguanas
  3 orc wizards
  3 gnolls
  6 adders
  7 white imps
  An adder zombie (D:6)
  A ribbon worm (D:5)
  A dart slug (D:3)
  28 orcs
  3 endoplasms
  4 giant cockroaches
  7 goblins
  4 hobgoblins
  2 jackals (D:2)
  11 kobolds
  A quokka (D:2)
  5 ball pythons
  2 bats (D:3)
  3 frilled lizards
  2 jackal zombies (D:6)
  4 rats
135 creatures vanquished.

Vanquished Creatures (collateral kills)
  An orc (D:5)
  An endoplasm (D:2)
2 creatures vanquished.

Grand Total: 137 creatures vanquished

Notes
Turn   | Place    | Note
-------+----------+-------------------------------------------
     0 | D:1      | KennySheep the Mountain Dwarf Reaver began the quest for
                  | the Orb.
     0 | D:1      | Reached XP level 1. HP: 17/17 MP: 3/3
   314 | D:1      | Reached XP level 2. HP: 25/25 MP: 4/4
   928 | D:2      | Learned a level 1 spell: Necrotise
  1148 | D:2      | Reached XP level 3. HP: 24/26 MP: 0/5
  1152 | D:2      | Learned a level 3 spell: Vampiric Draining
  1363 | D:2      | Reached skill level 1 in Necromancy
  2078 | D:3      | Reached skill level 1 in Armour
  2088 | D:3      | Reached XP level 4. HP: 37/37 MP: 1/7
  2327 | D:3      | Found a white marble altar of Elyvilon.
  2933 | D:4      | Found a stormy altar of Qazlal.
  3155 | D:4      | Reached skill level 2 in Necromancy
  3202 | D:4      | Found a snail-covered altar of Cheibriados.
  3389 | D:4      | Noticed a gnoll sergeant
  3397 | D:5      | Entered Level 5 of the Dungeon
  3637 | D:5      | Found a staircase to the Ecumenical Temple.
  3648 | Temple   | Entered the Ecumenical Temple
  3674 | D:5      | Reached XP level 5. HP: 9/39 MP: 5/9
  3827 | D:5      | Found a bloodstained altar of Trog.
  4176 | D:5      | Noticed an ogre
  4281 | D:4      | Found a sacrificial altar of Ru.
  4498 | D:4      | Reached skill level 3 in Necromancy
  5260 | D:6      | Noticed a black bear
  5381 | D:6      | Noticed a water moccasin
  5394 | D:6      | Killed a water moccasin
  5395 | D:6      | Reached XP level 6. HP: 44/50 MP: 9/11
  5428 | D:6      | Reached skill level 4 in Necromancy
  5806 | D:6      | Reached XP level 7. HP: 27/56 MP: 11/13
  6199 | D:6      | Reached skill level 5 in Necromancy
  6584 | D:6      | Found an ancient bone altar of Kikubaaqudgha.
  6592 | D:6      | Became a worshipper of Kikubaaqudgha
  7368 | D:7      | Reached skill level 5 in Spellcasting
  7368 | D:7      | Reached skill level 6 in Necromancy
  7368 | D:7      | Reached XP level 8. HP: 28/62 MP: 3/15
  7657 | D:7      | Found a hazy altar of Hepliaklqana.
  7999 | D:7      | Reached skill level 7 in Necromancy
  8470 | D:8      | Found a runed translucent door.
  8472 | D:8      | Found a basalt altar of Yredelemnul.
  8512 | D:8      | Reached skill level 5 in Armour
  8730 | D:8      | Noticed Maggie
  8753 | D:8      | Killed Maggie
  8754 | D:8      | Reached skill level 1 in Maces & Flails
  8754 | D:8      | Reached XP level 9. HP: 27/70 MP: 3/18
  9243 | D:8      | Reached skill level 8 in Necromancy
  9248 | D:8      | Reached * piety under Kikubaaqudgha
  9248 | D:8      | Received a gift from Kikubaaqudgha
 10073 | D:9      | Noticed a kobold demonologist
 10076 | D:9      | Noticed a rust devil
 10087 | D:10     | Entered Level 10 of the Dungeon
 10096 | D:10     | Learned a level 4 spell: Animate Dead
 10099 | D:10     | Learned a level 2 spell: Cigotuvi's Dreadful Rot
 10105 | D:10     | Learned a level 5 spell: Curse of Agony
 10479 | D:10     | Noticed a komodo dragon
 10492 | D:10     | Slain by a komodo dragon

Illustrated notes

Levels and vault maps discovered:
D:1:      ebering_trefoil_twist, layout_loops_cross
D:2:      layout_loops_cross, kennysheep_cross_room,
          chequers_serial_rivers_marsh
D:3:      layout_loops_corners, lemuel_crystal_altar
D:4:      layout_layer_cave, mainiacjoe_overflow_six_doors_small,
          mainiacjoe_overflow_chevrons, lemuel_doored_altar,
          chequers_serial_rivers_marsh, minmay_liquid_box,
          kennysheep_generic_room_9
D:5:      layout_basic, trog_three_pillars_becter, temple_fountains,
          minmay_misc_feat_rows, chequers_serial_rivers_small_b
D:6:      layout_rooms, lemuel_zombie_altar_kikubaaqudgha
D:7:      layout_gridville, lemuel_round_altar
D:8:      layout_loops_ring, dk_yredelemnul_ordeal, minmay_fire_ice_demons,
          uniq_maggie
D:9:      layout_basic, nemelex_xobeh_ov_fountains_minmay,
          minmay_increasing_density, uniq_pikel
D:10:     layout_irregular_city, erik_lair_dragon, erik_orc_4, enter_trove_0
Temple:   hellmonk_temple_forest_ring

Skill      XL: |  1  2  3  4  5  6  7  8  9 |
---------------+----------------------------+-----
Axes           | 4 |  4.7
Spellcasting   | 2 3 4 5 6 |  6.8
Necromancy     | 1 2 3 4 6 7 8 |  8.6
Armour         | 1 2 3 4 5 |  5.9
Fighting       | 3 4 |  4.4
Maces & Flails | 1 4 |  4.6
Dodging        | |  1.6
Conjurations   | |  2.6

Action                     |  1- 3 |  4- 6 |  7- 9 || total
---------------------------+-------+-------+-------++-------
  Melee: Hand axe          |   131 |   200 |   161 ||   492
         Morningstar       |       |       |    72 ||    72
   Cast: Necrotise         |    29 |    48 |    65 ||   142
         Kiss of Death     |     1 |     2 |       ||     3
         Vampiric Draining |       |     4 |    57 ||    61
         Curse of Agony    |       |       |     1 ||     1
  Evoke: Wand              |       |     3 |     3 ||     6
    Use: Scroll            |     6 |     4 |    10 ||    20
         Potion            |     2 |     4 |     5 ||    11
   Stab: Paralysed         |       |     6 |     4 ||    10
 Armour: Leather armour    |    45 |       |       ||    45
         Ring mail         |    44 |    20 |       ||    64
         Plate armour      |       |   110 |       ||   110
         Skin              |       |     3 |       ||     3
         Scale mail        |       |    97 |   236 ||   333
         Acid dragon scale |       |       |    99 ||    99
  Dodge: Dodged            |    77 |    75 |   145 ||   297

Table legend: (Time is in decaauts)
 A = Elapsed time spent in this place.
 B = Non-inter-level travel time spent in this place.
 C = Inter-level travel time spent in this place.
 D = Time resting spent in this place.
 E = Time spent auto-exploring this place.
 F = Levels seen in this place.
 G = Mean time per level.
                   A        B        C        D        E       F      G
               +--------+--------+--------+--------+--------+-----+--------+
         Total |  10571 |  10136 |    435 |   2947 |   5030 |  11 |  961.0 |
       Dungeon |  10569 |  10134 |    435 |   2947 |   5030 |  10 | 1056.9 |
        Temple |      1 |      1 |      0 |      0 |      0 |   1 |    1.0 |
               +--------+--------+--------+--------+--------+-----+--------+

Top non-repeatable levels by time:
     D:8: 1662 daAuts
     D:5: 1626 daAuts
     D:6: 1479 daAuts
     D:7: 1328 daAuts
     D:3: 1208 daAuts
     D:2: 1000 daAuts
     D:4: 923 daAuts
     D:1: 759 daAuts
    D:10: 409 daAuts
     D:9: 170 daAuts
  Temple: 1 daAuts
